 Dungeon Sprint DCSS version 0.19.1-1-g22dce08 (webtiles) character file.

1275 dvd the Basher (level 8, -3/91 HPs)
             Began as a Troll Berserker on Jan 12, 2017.
             Was a High Priest of Trog.
             Killed from afar by Josephine (25 damage)
             ... with a ghostly fireball
             ... in the Dungeon (Sprint III: "The Ten Rune Challenge").
             The game lasted 00:03:38 (696 turns).

dvd the Basher (Troll Berserker)                     Turns: 696, Time: 00:03:39

Health: -3/91      AC:  5    Str: 26    XL:     8   Next: 28%
Magic:  7/7        EV: 13    Int:  3    God:    Trog [*****.]
Gold:   22         SH:  0    Dex: 11    Spells: 0 memorised, 7 levels left

rFire  . . .     SeeInvis .     a - +0 mace
rCold  + . .     Gourm    +     b - +0 animal skin
rNeg   . . .     Faith    .     (no shield)
rPois  .         Spirit   .     (helmet restricted)
rElec  .         Reflect  .     (no cloak)
rCorr  .         Harm     .     (gloves unavailable)
MR     .....     NoTele   +     (boots unavailable)
Stlth  +.........               (no amulet)
                                (no ring)
                                j - ring of protection from cold

@: heavily drained
A: unfitting armour, claws 3, fast metabolism 3, gourmand, regeneration 1,
shaggy fur 1, tough skin 2
a: Berserk, Trog's Hand, Brothers in Arms, Burn Spellbooks, Renounce Religion


You were in the Dungeon.
You worshipped Trog.
Trog was extremely pleased with you.
You were near starving.

You visited 1 branch You collected 22 gold pieces.

Inventory:

Hand Weapons
 a - a +0 mace (weapon)
 p - a +7 double sword of flaming
 s - a +0 long sword of holy wrath
Armour
 b - a +0 animal skin (worn)
Jewellery
 j - a ring of protection from cold (left claw)
Wands
 k - a wand of disintegration (14/24)
Scrolls
 i - a scroll of blinking
 l - 2 scrolls of immolation {unknown}
 m - 2 scrolls of identify {unknown}
 n - a scroll of enchant armour {unknown}
 r - a scroll of remove curse {unknown}
Potions
 d - 3 potions of curing
 e - a potion of heal wounds
 f - a potion of haste
 g - 2 potions of magic
 h - a potion of berserk rage
 q - a potion of flight
Miscellaneous
 t - a sack of spiders
Comestibles
 c - 2 bread rations
 o - a royal jelly


   Skills:
 + Level 8.8(6.9) Fighting
 + Level 0.1(0.0) Long Blades
 + Level 10.9(8.9) Maces & Flails
 + Level 9.0(7.1) Dodging
 + Level 1.0(0.0) Stealth


You had 7 spell levels left.
You didn't know any spells.

Dungeon Overview and Level Annotations

Branches:
Dungeon (1/1)

Altars:
Cheibriados
Dithmenos
Elyvilon
Fedhas
Gozag
Hepliaklqana
Kikubaaqudgha
Makhleb
Nemelex Xobeh
Okawaru
Qazlal
Ru
Sif Muna
Trog
Uskayaw
Vehumet
Xom
Yredelemnul
Zin
The Shining One
Beogh
Jiyva
Lugonu

Annotations:
D Josephine


Innate Abilities, Weirdness & Mutations

You are too large for most types of armour.
You have claws for hands.
Your metabolism is lightning-fast.
You like to eat raw meat.
Your natural rate of healing is unusually fast.
You are covered in fur. (AC +1)
You have very tough skin. (AC +2)


Message History

There is an open door here.
Josephine the Decaying Necromancer comes into view.
She is wielding a dagger.
You enter the shallow water.
Moving in this stuff is going to be slow.
Josephine shouts!
Josephine casts a spell at you.
The ghostly flame explodes!
The ghostly fireball engulfs you!
You feel drained.
The ghostly fireball engulfs Josephine.
Josephine completely resists.
Your ogre goes berserk!
You are near starving!
Josephine casts a spell at you.
The ghostly flame explodes!
The ghostly fireball engulfs you!
You feel drained.
* * * LOW HITPOINT WARNING * * *
The ghostly fireball engulfs Josephine.
Josephine completely resists.
The ghostly fireball engulfs your ogre.
Your ogre is drained!
You sock Josephine!
Josephine is lightly wounded.
Josephine casts a spell at you.
The ghostly flame explodes!
The ghostly fireball engulfs you!
You feel drained.
You die...

.#...#__.#._#
.###'#)###)##
.#...†......#
.'.⌠........#
.#...######'#
.#.⌠.#__#...#+#####
.#...#__#...#.§§§§+
.#'###__#...#.#§O§#
.#)).#__#...'.#@@§#
.#___#__'...#.#§§§#
▓▓▓▓▓▓▓▓▓▓▓▓▓▓▓▓▓▓▓


You could see Josephine and a friendly ogre (berserk).

Vanquished Creatures
  A deep elf mage (D)
  A shadow (D)
  A spatial vortex (D)
  A necrophage (D)
  A water elemental (D)
  A scorpion (D)
  A wizard (D)
  A jelly (D)
  A necromancer (D)
  3 humans (D)
  A kobold demonologist (D)
  2 oozes (D)
  2 rats (D)
17 creatures vanquished.

Vanquished Creatures (others)
  2 draconian scorchers (D)
  2 yaktaurs (D)
  6 hellions (D)
  2 plants (D)
12 creatures vanquished.

Grand Total: 29 creatures vanquished

Notes
Turn   | Place    | Note
-------+----------+-------------------------------------------
     0 | D        | dvd the Troll Berserker began the quest for the Orb.
     0 | D        | Reached XP level 1. HP: 22/22 MP: 0/0
    14 | D        | Reached skill level 3 in Maces & Flails
    19 | D        | Reached XP level 2. HP: 27/31 MP: 1/1
    44 | D        | Reached ** piety under Trog
    68 | D        | Noticed a scorpion
    82 | D        | Killed a scorpion
    82 | D        | Reached skill level 5 in Maces & Flails
    82 | D        | Reached XP level 3. HP: 19/39 MP: 2/2
    86 | D        | Reached XP level 4. HP: 19/49 MP: 3/3
   115 | D        | Killed a hellion
   125 | D        | Killed a yaktaur
   133 | D        | Killed a white draconian scorcher
   142 | D        | Killed a yaktaur
   152 | D        | Killed a hellion
   152 | D        | Killed a hellion
   165 | D        | Killed a hellion
   173 | D        | Gained mutation: You are agile. (Dex +2) [potion of mutation]
   173 | D        | Gained mutation: You expend magic power (3 MP) to strengthen your wands. [potion of mutation]
   173 | D        | Gained mutation: Armour fits poorly on your strangely shaped body. [potion of mutation]
   174 | D        | Gained mutation: Your body sometimes deteriorates upon taking damage. [potion of mutation]
   174 | D        | Gained mutation: You are surrounded by a mild repulsion field. (EV +2) [potion of mutation]
   175 | D        | Lost mutation: Armour fits poorly on your strangely shaped body. [potion of mutation]
   179 | D        | Lost mutation: You are agile. (Dex +2) [potion of cure mutation]
   179 | D        | Lost mutation: You expend magic power (3 MP) to strengthen your wands. [potion of cure mutation]
   179 | D        | Lost mutation: You are surrounded by a mild repulsion field. (EV +2) [potion of cure mutation]
   179 | D        | Lost mutation: Your body sometimes deteriorates upon taking damage. [potion of cure mutation]
   184 | D        | Noticed a water elemental
   187 | D        | Killed a water elemental
   187 | D        | Reached *** piety under Trog
   187 | D        | Reached skill level 5 in Fighting
   187 | D        | Reached skill level 6 in Maces & Flails
   187 | D        | Reached skill level 5 in Dodging
   213 | D        | Killed a white draconian scorcher
   229 | D        | Found a hide-covered altar of Uskayaw.
   229 | D        | Found a roughly hewn altar of Beogh.
   229 | D        | Found an iron altar of Okawaru.
   229 | D        | Found a bloodstained altar of Trog.
   229 | D        | Noticed a human
   231 | D        | Noticed a human
   238 | D        | Killed a hellion
   239 | D        | Killed a human
   239 | D        | Reached skill level 7 in Maces & Flails
   239 | D        | Reached XP level 5. HP: 5/59 MP: 4/4
   239 | D        | Reached XP level 6. HP: 5/67 MP: 5/5
   239 | D        | HP: 2/100 [human (4)]
   241 | D        | Killed a human
   241 | D        | Reached skill level 8 in Maces & Flails
   263 | D        | Killed a hellion
   342 | D        | Found a radiant altar of Vehumet.
   343 | D        | Found a deep blue altar of Sif Muna.
   343 | D        | Found an ancient bone altar of Kikubaaqudgha.
   348 | D        | Reached **** piety under Trog
   362 | D        | Reached ***** piety under Trog
   397 | D        | Found a basalt altar of Yredelemnul.
   397 | D        | Found a shadowy altar of Dithmenos.
   397 | D        | Found a sacrificial altar of Ru.
   414 | D        | Reached skill level 9 in Maces & Flails
   414 | D        | Reached XP level 7. HP: 73/78 MP: 6/6
   432 | D        | Found a glowing silver altar of Zin.
   432 | D        | Found a glowing golden altar of the Shining One.
   432 | D        | Found a white marble altar of Elyvilon.
   433 | D        | Noticed a deep elf mage
   442 | D        | Killed a deep elf mage
   442 | D        | Received a gift from Trog
   442 | D        | Reached skill level 10 in Maces & Flails
   458 | D        | Noticed a shadow
   460 | D        | Reached XP level 8. HP: 89/89 MP: 7/7
   549 | D        | Found a blossoming altar of Fedhas.
   549 | D        | Found a stormy altar of Qazlal.
   550 | D        | Found a snail-covered altar of Cheibriados.
   550 | D        | Found a burning altar of Makhleb.
   550 | D        | Found a hazy altar of Hepliaklqana.
   550 | D        | Found a shimmering altar of Xom.
   550 | D        | Found an opulent altar of Gozag.
   550 | D        | Found a sparkling altar of Nemelex Xobeh.
   550 | D        | Found a corrupted altar of Lugonu.
   550 | D        | Found a viscous altar of Jiyva.
   644 | D        | Reached skill level 1 in Stealth
   692 | D        | Noticed Josephine
   696 | D        | Killed from afar by Josephine

Skill      XL: |  1  2  3  4  5  6  7  8 |
---------------+-------------------------+-----
Maces & Flails | 3 5 7 9 10 | 10.9
Fighting       | 3 4 6 7 8 |  8.8
Dodging        | 3 4 6 7 8 9 |  9.0
Stealth        | 1 |  1.0
Long Blades    | |  0.1

Action                   |  1- 3 |  4- 6 |  7- 9 || total
-------------------------+-------+-------+-------++-------
Melee: Mace              |    27 |    37 |    28 ||    92
       Double sword      |       |       |     6 ||     6
Invok: Berserk           |     1 |     3 |     1 ||     5
       Burn Spellbooks   |       |     1 |       ||     1
       Brothers in Arms  |       |       |     1 ||     1
  Use: Potion            |       |     5 |       ||     5
  Eat: Chunk             |       |     1 |       ||     1
       Bread ration      |       |     1 |       ||     1
       Royal jelly       |       |       |     1 ||     1
Armor: Animal skin       |     4 |     8 |     6 ||    18
Dodge: Dodged            |    10 |    13 |    10 ||    33
       Rpst.: Double sword |       |       |     1 ||     1
